 Dungeon Sprint DCSS version 0.22-a0-42-g002c468 (webtiles) character file.

81 theanonym the Basher (level 4, -7/44 HPs)
             Began as a Deep Dwarf Fighter on Jan 5, 2018.
             Was a Follower of Makhleb.
             Mangled by a merfolk
             ... wielding a cursed -3 trident
              (14 damage)
             ... in the Dungeon (Sprint V: "Ziggurat Sprint").
             The game lasted 00:01:23 (114 turns).

theanonym the Basher (Deep Dwarf Fighter)            Turns: 114, Time: 00:01:24

Health: -7/44      AC: 19    Str: 35    XL:     4   Next: 20%
Magic:  4/4        EV:  0    Int:  8    God:    Makhleb [*.....]
Gold:   0          SH: 29    Dex: 12    Spells: 3/3 levels left

rFire    + . .     SeeInvis .   F - +6 shillelagh "Devastator" {shatter}
rCold    + . .     Gourm    .   G - +18 shield of the Gong {rElec rN+ MR+ EV-5}
rNeg     + . .     Faith    .   H - +5 gold dragon scales {23 rF+ rC+ rPois}
rPois    +         Spirit   .   (no helmet)
rElec    +         Reflect  .   (no cloak)
rCorr    .         Harm     .   (no gloves)
MR       +....     NoTele   +   (no boots)
Stlth    ..........             m - amulet of New Discoveries {RegenMP +Fly Str+2}
HPRegen  0.00/turn              D - +6 ring of strength
MPRegen  0.34/turn              E - +6 ring of strength

@: non-regenerating
A: damage resistance, heal wounds, sense surroundings 1, no regeneration
a: Heal Wounds, Renounce Religion, Evoke Flight


Innate Abilities, Weirdness & Mutations

You are resistant to damage.
You can heal yourself by infusing magical energy.
You passively map a small area around you.
You do not regenerate.


   Skills:
 + Level 3.7 Fighting
 * Level 8.7 Maces & Flails
 + Level 4.5 Armour
 + Level 4.5 Shields


You had 3 spell levels left.
You didn't know any spells.

Skill      XL: |  1  2  3 |
---------------+----------+-----
Maces & Flails | 7 8 |  8.7
Fighting       | 3 |  3.7
Armour         | 4 |  4.5
Shields        | 4 |  4.5

Action                   |  1- 3 |  4- 6 || total
-------------------------+-------+-------++-------
Melee: Shillelagh        |     8 |     6 ||    14
  Use: Potion            |     1 |       ||     1
Armor: Gold dragon scale |     4 |    12 ||    16
Block: Shield            |    10 |    18 ||    28

Inventory:

Hand Weapons
 a - a +0 flail
 F - the +6 shillelagh "Devastator" (weapon) {shatter}
   (You found it in the Dungeon)
Armour
 c - a +0 shield
 k - a +0 scale mail {10}
 G - the +18 shield of the Gong (worn) {rElec rN+ MR+ EV-5}
   (You found it in the Dungeon)

   It affects your evasion (-5).
   It insulates you from electricity.
   It protects you from negative energy.
   It affects your resistance to hostile enchantments.
 H - +5 gold dragon scales (worn) {23 rF+ rC+ rPois}
   (You found it in the Dungeon)
Jewellery
 m - the amulet of New Discoveries (around neck) {RegenMP +Fly Str+2}
   (You found it in the Dungeon)

   [amulet of magic regeneration]

   It increases your magic regeneration.
   It affects your strength (+2).
   It lets you fly.
 z - a +6 ring of dexterity
   (You found it in the Dungeon)
 A - a +6 ring of dexterity
   (You found it in the Dungeon)
 B - a +6 ring of intelligence
   (You found it in the Dungeon)
 C - a +6 ring of intelligence
   (You found it in the Dungeon)
 D - a +6 ring of strength (left hand)
   (You found it in the Dungeon)
 E - a +6 ring of strength (right hand)
   (You found it in the Dungeon)
Wands
 v - a wand of acid (7)
   (You found it in the Dungeon)
 x - a wand of iceblast (7)
   (You found it in the Dungeon)
 y - a wand of disintegration (7)
   (You found it in the Dungeon)
Scrolls
 b - 4 scrolls of blinking
 f - 7 scrolls of fog
 o - 4 scrolls of amnesia
 r - 5 scrolls of identify
 s - a scroll of holy word
 t - 5 scrolls of remove curse
 u - 2 scrolls of fear
Potions
 d - 6 potions of might
 g - 2 potions of invisibility
 h - 6 potions of haste
 i - 7 potions of magic
 j - 3 potions of berserk rage
 l - 4 potions of resistance {rF+ rC+}
 n - 5 potions of agility
 p - 2 potions of brilliance
 q - 10 potions of heal wounds
 w - 10 potions of curing
Comestibles
 e - 7 rations You were in the Dungeon. You worshipped Makhleb. Makhleb was aware of your devotion. You were not hungry. You visited 1 branch

Dungeon Overview and Level Annotations

Branches:
Dungeon (1/1)

Altars:
Ashenzari
Cheibriados
Dithmenos
Elyvilon
Fedhas
Gozag
Hepliaklqana
Kikubaaqudgha
Makhleb
Nemelex Xobeh
Okawaru
Qazlal
Ru
Sif Muna
Trog
Uskayaw
Vehumet
Wu Jian
Xom
Yredelemnul
Zin
The Shining One
Beogh
Jiyva
Lugonu

Annotations:
D 1 transporter

*
▓▓▓▓▓▓▓▓▓▓▓▓▓▓▓▓▓▓▓
▓.8©8.▓.8©8.▓.8©8.▓
,
▓.|[..▓..[|.▓.....▓
*▓..m..▓.....▓.:.).▓
▓.mmm.▓.....▓.††..▓
,
▓..@..▓.....▓.....▓
▓.....▓.....▓..©..▓
, ,
▓..©..▓..©..▓▓▓▓▓▓▓
, ▓▓▓▓▓▓▓▓▓▓▓▓▓ * ,
*,, , © ,, * , ,*,,,
, , * , , *, ,, * ,
, , , , * , , , , ,


You could see 4 merfolk.

Notes
Turn   | Place    | Note
-------+----------+-------------------------------------------
     0 | D        | Found the +6 Majin-Bo {vamp, Archmagi MP+6 Int+6}
     0 | D        | Found the +7 great mace "Firestarter" {inner flame, rF++}
     0 | D        | theanonym the Deep Dwarf Fighter began the quest for the Orb.
     0 | D        | Reached XP level 1. HP: 20/20 MP: 1/1
     0 | D        | Found a deep blue altar of Sif Muna.
     0 | D        | Found a sacrificial altar of Ru.
     0 | D        | Found a bloodstained altar of Trog.
     0 | D        | Found a stormy altar of Qazlal.
     0 | D        | Found an iron altar of Okawaru.
     0 | D        | Found a sparkling altar of Nemelex Xobeh.
     0 | D        | Found a blossoming altar of Fedhas.
     2 | D        | Found a transporter.
     2 | D        | Found an ancient bone altar of Kikubaaqudgha.
     2 | D        | Found a viscous altar of Jiyva.
     2 | D        | Found a corrupted altar of Lugonu.
     2 | D        | Found a hazy altar of Hepliaklqana.
     2 | D        | Found a burning altar of Makhleb.
     2 | D        | Found an opulent altar of Gozag.
    18 | D        | Found the +9 heavy crossbow "Sniper" {velocity, Acc+∞ SInv}
    18 | D        | Found the +10 dark maul {crush}
    18 | D        | Found the +15 Maxwell's patent armour {-Cast -Tele rElec MR+ rCorr}
    18 | D        | Found the +18 shield of the Gong {rElec rN+ MR+ EV-5}
    18 | D        | Found the cursed +14 obsidian axe {chop, +Fly SInv *Curse}
    19 | D        | Found the +6 shillelagh "Devastator" {shatter}
    19 | D        | Found the +11 plutonium sword {*Contam Stlth-}
    19 | D        | Found the +8 lance "Wyrmbane" {slay drac, rPois rF+ rC+ AC+3}
    19 | D        | Found the +9 sword of Zonguldrok {reap}
    19 | D        | Found the cursed +13 scythe of Curses {drain, *Curse}
    19 | D        | Found the +0 sword of Power
    19 | D        | Found the +10 mace of Variability {chaos}
    19 | D        | Found the +7 Singing Sword
    19 | D        | Found the +7 longbow "Piercer" {penet, EV-2}
    53 | D        | Reached skill level 7 in Maces & Flails
    53 | D        | Reached XP level 2. HP: 27/27 MP: 2/2
    69 | D        | Became a worshipper of Makhleb the Destroyer
    76 | D        | Entered arena 2.
    76 | D        | Found a transporter.
    77 | D        | Found the +3 giant club "Skullcrusher" {speed, Str+7}
    81 | D        | Reached skill level 3 in Fighting
    81 | D        | Reached skill level 8 in Maces & Flails
    81 | D        | Reached XP level 3. HP: 34/34 MP: 3/3
    85 | D        | Identified the Almanac of Evil Arts (You found it in the Dungeon)
    87 | D        | Entered arena 3.
    87 | D        | Found a transporter.
    90 | D        | Reached * piety under Makhleb
    93 | D        | Reached skill level 4 in Armour
    93 | D        | Reached skill level 4 in Shields
    93 | D        | Reached XP level 4. HP: 43/43 MP: 4/4
    98 | D        | Got the amulet of New Discoveries {RegenMP +Fly Str+2}
   101 | D        | Entered arena 4.
   101 | D        | Noticed a merfolk
   101 | D        | Noticed a merfolk
   101 | D        | Noticed a merfolk
   101 | D        | Noticed a merfolk
   101 | D        | Found a transporter.
   102 | D        | Found the +3 robe of Folly {Archmagi, MR-- Int+5}
   109 | D        | HP: 15/44 [merfolk/trident (17)]
   113 | D        | HP: 7/44 [merfolk/trident (6)]
   114 | D        | Mangled by a merfolk

Vanquished Creatures
  An iron imp (D)
  An iguana (D)
  A river rat (D)
  A shadow imp (D)
  A quokka zombie (D)
5 creatures vanquished.

Table legend:
 A = Turns spent in this place as a percentage of turns spent in the entire game.
 B = Non-inter-level travel turns spent in this place as a percentage of non-inter-level travel turns spent in the entire game.
 C = Inter-level travel turns spent in this place as a percentage of turns spent in this place.
 D = Turns resting spent in this place as a percentage of non-inter-level travel turns spent in this place.
 E = Turns spent auto-exploring this place as a percentage of non-inter-level travel turns spent in this place.
 F = Non-inter-level travel turns spent in this place divided by the number of levels of this place that you've seen.
                   A       B       C       D       E      F
               +-------+-------+-------+-------+-------+----------------------
         Total | 100.0 | 100.0 |   0.0 |   0.0 |   0.0 | 114.0
       Dungeon | 100.0 | 100.0 |   0.0 |   0.0 |   0.0 | 114.0
               +-------+-------+-------+-------+-------+----------------------
